 Dungeon Crawl Stone Soup version 0.32-a0-768-g0f6f1dd4b9 (webtiles) character file.

Game seed: 14759218811624207201

3578 ezpacito the Chopper (level 10, 0/73 (77) HPs)
             Began as a Coglin Chaos Knight on Mar 17, 2024.
             Was a Plaything of Xom.
             Slain by a centaur warrior
             ... wielding a +2 quarterstaff of speed
              (9 damage)
             ... on level 8 of the Dungeon on Mar 18, 2024.
             The game lasted 00:08:59 (6459 turns).

ezpacito the Chopper (Coglin Chaos Knight)          Turns: 6459, Time: 00:09:00

HP:   0/73 (77)     AC: 10    Str: 17    XL:     10   Next: 10%
MP:   14/14         EV: 13    Int: 11    God:    Xom [....*.]
Gold: 659           SH:  0    Dex: 14    Spells: 15/15 levels left

rFire   + . .        s - +5 broad axe (chaos) {Else}
rCold   + + .        a - +1 hand axe (chaos) {Yuxuan}
rNeg    . . .        q - +0 steam dragon scales
rPois   +            w - +2 hat
rElec   +            (no cloak)
rCorr   +            E - +0 pair of gloves
SInv    .            o - +0 pair of boots
Will    +....        (amulet unavailable)
Stlth   ++           (ring unavailable)
HPRegen 0.32/turn    (ring unavailable)
MPRegen 0.14/turn    (no gizmo)

%: no passive effects
@: lethally poisoned (0 -> -2), resistant, marked, drained, revved
A: off-hand wielding, slow wielding, warmup strikes, no jewellery, cold
resistance 1, strong-willed 1
a: Invent Gizmo, Renounce Religion


You were on level 8 of the Dungeon.
You worshipped Xom.
You were a beloved toy of Xom.
You visited 2 branches of the dungeon, and saw 9 of its levels.
You also visited: Ossuary.

You collected 659 gold pieces.

Inventory:

Hand Weapons
 a - a +1 hand axe of chaos (offhand) {Yuxuan}
 i - the +7 staff of the Meek {protect, meekguard}
   (You found it on level 7 of the Dungeon)
 p - a +5 spear
 s - a +5 broad axe of chaos (weapon) {Else}
 y - a +0 trident {Titus}
 z - a +4 war axe
Missiles
 f - 11 poisoned darts
 g - 3 darts of dispersal (quivered)
 h - a curare-tipped dart
 A - 2 boomerangs
Armour
 l - a +0 helmet
 o - a +0 pair of boots (worn)
 q - +0 steam dragon scales (worn)
 w - a +2 hat (worn)
 E - a +0 pair of gloves (worn)
Magical Staves
 k - a staff of death
Wands
 B - a wand of mindburst (15)
 C - a wand of charming (10)
Scrolls
 j - 2 scrolls of amnesia
 m - a scroll of noise {unknown}
 r - a scroll of torment
 t - 2 scrolls of teleportation
 u - a scroll of revelation {unknown}
 v - a scroll of blinking {unknown}
 x - 2 scrolls of poison
 D - a scroll of fog
Potions
 b - 3 potions of mutation
 c - a potion of attraction {unknown}
 d - 3 potions of heal wounds {unknown}
 e - a potion of ambrosia
 n - a potion of resistance


   Skills:
 * Level 6.5 Fighting
 * Level 6.6(7.2) Axes
 + Level 3.7(5.4) Polearms
 * Level 5.6 Armour
 * Level 5.3 Dodging
 + Level 3.5 Stealth
 + Level 3.2 Spellcasting
 + Level 3.0 Evocations


You had 15 spell levels left.
You didn't know any spells.
Your spell library contained the following spells:

 Spells                   Type           Power      Damage    Failure   Level
 Necrotise                Necr           4%         1d4       26%         1
 Vampiric Draining        Necr           1%         2d6       61%         3
 Martyr's Knell           Necr/Summ      1%         N/A       95%         4
 Curse of Agony           Necr           1%         N/A       100%        5


Dungeon Overview and Level Annotations

Branches:
Dungeon (8/15)             Temple (1/1) D:6         Ossuary (visited)
   Lair: D:8-11

Altars:
Ashenzari
Cheibriados
Dithmenos
Elyvilon
Fedhas
Gozag
Kikubaaqudgha
Makhleb
Nemelex Xobeh
Okawaru
Ru
Sif Muna
Trog
Vehumet
Wu Jian
Xom
Yredelemnul
Zin
The Shining One

Shops:
D:6 :


Innate Abilities, Weirdness & Mutations

You can wield a second weapon in your off-hand.
It takes a long time for you to wield or remove held weapons.
Your first few attacks do less damage.
You cannot equip rings or amulets.
Your flesh is cold resistant. (rC+)
You are strong-willed. (Will+)


Message History

The wight closely misses you.
The orc wizard hits you with a +0 dagger of venom.
You are poisoned.
The bullfrog moves out of view.
There is an open door here.
Things that are here:
a +0 long sword; a +0 robe You hit the wight with your +1 hand axe of chaos.
The wight is lightly damaged.
You barely miss the orc wizard with your +1 hand axe of chaos.
You closely miss the wight with your +5 broad axe of chaos.
You hit the orc wizard with your +5 broad axe of chaos.
You burn the orc wizard.
You feel sick.
The wight hits you with a +3 long sword!
You feel drained.
You take 14 damage, and have 57/75 hp.
You slash the wight with your +1 hand axe of chaos!
The wight is severely damaged.
You barely miss the centaur warrior with your +1 hand axe of chaos.
You barely miss the wight with your +5 broad axe of chaos.
You slash the centaur warrior with your +5 broad axe of chaos!
You feel better.
You feel sick.
A wight comes into view.
It is wielding a +4 halberd of freezing.
The wight closely misses you.
The centaur warrior hits you with a +2 quarterstaff of speed!
The centaur warrior kicks you.
You feel protected.
You feel sick.
The centaur warrior hits you with a +2 quarterstaff of speed!
The centaur warrior closely misses you.
The centaur warrior hits you with a +2 quarterstaff of speed!
The centaur warrior kicks you but does no damage.
A wight comes into view. It is wielding a +3 hand axe.
The wight hits you with a +3 long sword!
* * * LOW HITPOINT WARNING * * *
You feel drained.
* * * LOW HITPOINT WARNING * * *
The centaur warrior hits you with a +2 quarterstaff of speed!
You die...
Xom giggles madly! .. ..... #. #..# # # # #.##..##.# yF## #.#........# BKy#

#.......####
#gH#####.....##
#yo###)))....##
#yc#.........#
#z@5†.......+
#.#z........#
#.##.......##
+. ##z....## #.
##(..## #.
##z##
#.#####z#######
..............#
.#.##.#.#####.#


You could see a boulder beetle, a centaur warrior, a manticore, a vampire
mosquito, a kobold brigand, a gnoll sergeant, a bullfrog, 3 killer bees, 5
wights, an orc wizard and a friendly ufetubus (summoned).

Vanquished Creatures
  A hornet (D:4)
  Grinder (D:3)
  Sigmund (D:5)
  3 yaks (D:6)
  2 steam dragons (D:7)
  Edmund (D:5)
  2 water moccasins
  Duvessa (D:5)
  2 sky beasts
  A black bear (D:5)
  An ogre (D:4)
  A phantom (D:5)
  A kobold brigand (D:5)
  3 bullfrogs
  3 scorpions
  6 wights (D:8)
  Dowan (D:5)
  A quasit (D:6)
  3 hounds
  2 orc priests
  Jessica (D:2)
  An iguana (D:4)
  5 orc wizards
  7 mummies (Ossuary)
  Robin (D:2)
  5 adders
  2 shadow imps
  A white imp (D:6)
  4 ufetubi (D:6)
  A dart slug (D:3)
  24 orcs
  2 bats
  6 endoplasms
  A giant cockroach (D:4)
  2 gnoll zombies (Ossuary)
  8 hobgoblins
  5 jackals
  9 kobolds
  4 quokkas
  10 ball pythons
  3 frilled lizards
  15 goblins
  3 hobgoblin zombies (Ossuary)
  A kobold zombie (Ossuary)
  2 orc zombies (Ossuary)
  10 rats
170 creatures vanquished.

Vanquished Creatures (collateral kills)
  An orc priest (D:6)
  A mummy (Ossuary)
  An orc (D:5)
3 creatures vanquished.

Vanquished Creatures (others)
  An orc zombie (D:6)
1 creature vanquished.

Grand Total: 174 creatures vanquished

Notes
Turn   | Place    | Note
-------+----------+-------------------------------------------
     0 | D:1      | ezpacito the Coglin Chaos Knight began the quest for the
                  | Orb.
     0 | D:1      | Reached XP level 1. HP: 18/18 MP: 1/1
    46 | D:1      | Reached skill level 1 in Dodging
    74 | D:1      | XOM: potion effect (invisibility)
   138 | D:1      | Reached XP level 2. HP: 24/24 MP: 2/2
   483 | D:1      | Reached XP level 3. HP: 29/29 MP: 3/3
   525 | D:1      | XOM: silly message
   665 | D:1      | XOM: silly message
   935 | D:2      | Reached XP level 4. HP: 20/35 MP: 4/4
  1124 | D:2      | XOM: divination: detect items
  1127 | D:2      | XOM: noise
  1257 | D:2      | Noticed Jessica
  1264 | D:2      | Killed Jessica
  1369 | D:2      | Noticed Robin
  1377 | D:2      | Killed Robin
  1378 | D:2      | Reached skill level 1 in Stealth
  1378 | D:2      | Reached XP level 5. HP: 39/41 MP: 5/5
  1400 | D:2      | Reached skill level 1 in Polearms
  1417 | D:2      | XOM: divination: detect creatures
  1787 | D:3      | XOM: smoke on damage
  1971 | D:3      | Found a broken altar of Ashenzari.
  1996 | D:3      | XOM: divination: detect items
  2117 | D:3      | XOM: 1-stop teleportation journey
  2151 | D:3      | Noticed Grinder
  2155 | D:3      | XOM: swap monsters
  2167 | D:3      | Paralysed by Grinder for 2 turns
  2176 | D:3      | Killed Grinder
  2177 | D:3      | Reached skill level 1 in Spellcasting
  2177 | D:3      | Reached XP level 6. HP: 38/48 MP: 7/7
  2235 | D:3      | XOM: silly message
  2239 | D:3      | XOM: silly message
  2588 | D:4      | XOM: smoke on damage
  2591 | D:4      | Reached XP level 7. HP: 29/54 MP: 7/9
  2726 | D:4      | XOM: potion effect (invisibility)
  2745 | D:4      | XOM: silly message
  2949 | D:4      | Found a sand-covered staircase.
  2959 | Ossuary  | Entered an ossuary
  2985 | Ossuary  | XOM: cast spell 'Animate Armour'
  2986 | Ossuary  | XOM: butterfly on damage
  3031 | Ossuary  | XOM: enchant monster (bad)
  3474 | D:5      | Entered Level 5 of the Dungeon
  3528 | D:5      | XOM: summons 3 friendly demons
  3560 | D:5      | Noticed Dowan
  3564 | D:5      | XOM: silly message
  3571 | D:5      | Killed Dowan
  3572 | D:5      | Noticed Duvessa
  3582 | D:5      | HP: 2/55 [Duvessa/+0 rapier (12)]
  3597 | D:5      | Killed Duvessa
  3598 | D:5      | Reached XP level 8. HP: 54/61 MP: 10/10
  3653 | D:5      | Noticed a hornet
  3676 | D:4      | Killed a hornet
  3677 | D:4      | Reached skill level 5 in Fighting
  3677 | D:4      | Reached skill level 5 in Axes
  3896 | D:5      | Noticed Sigmund
  3916 | D:5      | XOM: enchant monster (good)
  3925 | D:5      | Killed Sigmund
  3966 | D:5      | XOM: god gift: +2 broad axe of chaos
  4003 | D:5      | Noticed Edmund
  4005 | D:5      | XOM: confuse monster(s)
  4016 | D:5      | Killed Edmund
  4277 | D:5      | Reached XP level 9. HP: 68/68 MP: 12/12
  4489 | D:5      | XOM: give mutations
  4489 | D:5      | Gained mutation: Your flesh is cold resistant. (rC+) [Xom's
                  | grace]
  4489 | D:5      | Gained mutation: You are strong-willed. (Will+) [Xom's
                  | grace]
  4672 | D:6      | XOM: 2-stop teleportation journey
  4845 | D:6      | Reached skill level 1 in Evocations
  4929 | D:6      | XOM: scenery: summon butterflies
  4944 | D:6      | Reached skill level 5 in Armour
  5080 | D:6      | Found a staircase to the Ecumenical Temple.
  5089 | Temple   | Entered the Ecumenical Temple
  5109 | D:6      | Found Cadeom's Book Shop.
  5117 | D:6      | XOM: summons friendly white imp
  5236 | D:6      | Found a shadowy altar of Dithmenos.
  5573 | D:7      | XOM: 2-stop teleportation journey
  5647 | D:7      | Found an opulent altar of Gozag.
  5649 | D:7      | Found a glowing silver altar of Zin.
  5651 | D:7      | Found a burning altar of Makhleb.
  5913 | D:7      | Reached skill level 5 in Dodging
  6050 | D:7      | XOM: cloud trail
  6191 | D:7      | Found an iron altar of Okawaru.
  6223 | D:7      | XOM: scenery: 1 doors close
  6224 | D:7      | Found a sacrificial altar of Ru.
  6363 | D:7      | Found an ornate altar of the Wu Jian Council.
  6368 | D:7      | Found the +7 staff of the Meek {protect, meekguard}
  6398 | D:7      | Saving game... please wait.
  6398 | D:7      | Upgraded the game from 0.32-a0-747-gc8563f6773 to
                  | 0.32-a0-768-g0f6f1dd4b9
  6444 | D:8      | Reached XP level 10. HP: 71/77 MP: 14/14
  6444 | D:8      | XOM: summons 2 friendly demons
  6456 | D:8      | Noticed a manticore
  6456 | D:8      | Noticed a centaur warrior
  6459 | D:8      | Slain by a centaur warrior

Illustrated notes

Levels and vault maps discovered:
D:1:      dpeg_arrival_erosion, layout_basic
D:2:      minmay_chambers_of_ones, layout_loops_ring, minivault_27,
          uniq_jessica, uniq_robin
D:3:      layout_loops_cross, nicolae_ashenzari_skybound, grunt_ministairs_5,
          uniq_grinder
D:4:      layout_loops_ring, enter_ossuary_1
D:5:      layout_loops_ring, uniq_sigmund, uniq_edmund, uniq_duvessa
D:6:      layout_cave_pools, old_standard_altar,
          minmay_temple_entry_enclosed_plants, serial_demonic, serial_demonic_a,
          serial_demonic_b, serial_demonic_e, serial_demonic_e, serial_shops,
          nicolae_shop_just_a_little_nook
D:7:      layout_cave_pools, nicolae_wu_jian_glorious_leap,
          grunt_temple_overflow_diamond, mainiacjoe_overflow_two_lobes
D:8:      minmay_the_grid_octo_triangle [minmay_the_grid_octo_clover,
          minmay_the_grid_octo_prize_star,
          minmay_the_grid_octo_vomiting_pacman], layout_loops_corners,
          minmay_circle_x
Temple:   hellmonk_temple_of_storms

Skill      XL: |  1  2  3  4  5  6  7  8  9 10 |
---------------+-------------------------------+-----
Dodging        | 1 2 3 4 5 |  5.3
Armour         | 2 3 4 5 |  5.6
Stealth        | 1 2 3 |  3.5
Polearms       | 1 2 3 |  3.7
Fighting       | 4 5 6 |  6.5
Axes           | 4 5 6 |  6.6
Spellcasting   | 1 2 3 |  3.2
Evocations     | 2 3 |  3.0

Action                     |  1- 3 |  4- 6 |  7- 9 | 10-12 || total
---------------------------+-------+-------+-------+-------++-------
  Melee: Hand axe          |    60 |    83 |   201 |    11 ||   355
         Dagger            |    61 |    28 |       |       ||    89
         Spear             |       |    62 |   142 |       ||   204
         Broad axe         |       |       |    77 |    10 ||    87
    Use: Scroll            |       |     7 |    11 |       ||    18
         Potion            |       |     1 |    18 |     1 ||    20
   Stab: Invisible         |     4 |       |     7 |       ||    11
         Paralysed         |     1 |       |       |       ||     1
         Sleeping          |       |     3 |     3 |       ||     6
         Confused          |       |     2 |     3 |     1 ||     6
         Petrifying        |       |     1 |     2 |       ||     3
         Petrified         |       |       |    16 |       ||    16
         Held in net/web   |       |       |     1 |       ||     1
         Distracted        |       |       |       |     1 ||     1
 Armour: Leather armour    |    34 |    50 |    91 |       ||   175
         Chain mail        |       |       |    83 |       ||    83
         Steam dragon scal |       |       |     6 |    12 ||    18
  Dodge: Dodged            |    34 |    39 |   126 |    10 ||   209

Table legend: (Time is in decaauts)
 A = Elapsed time spent in this place.
 B = Non-inter-level travel time spent in this place.
 C = Inter-level travel time spent in this place.
 D = Time resting spent in this place.
 E = Time spent auto-exploring this place.
 F = Levels seen in this place.
 G = Mean time per level.
                   A        B        C        D        E       F      G
               +--------+--------+--------+--------+--------+-----+--------+
         Total |   6403 |   6109 |    294 |    520 |   4382 |  10 |  640.3 |
       Dungeon |   6099 |   5806 |    293 |    520 |   4202 |   8 |  762.4 |
        Temple |      1 |      1 |      0 |      0 |      0 |   1 |    1.0 |
       Ossuary |    301 |    301 |      0 |      0 |    180 |   1 |  301.0 |
               +--------+--------+--------+--------+--------+-----+--------+

Top non-repeatable levels by time:
     D:5: 1037 daAuts
     D:7: 989 daAuts
     D:2: 842 daAuts
     D:4: 824 daAuts
     D:3: 822 daAuts
     D:6: 775 daAuts
     D:1: 754 daAuts
 Ossuary: 301 daAuts
     D:8: 54 daAuts
  Temple: 1 daAuts
